 Dungeon Crawl Stone Soup version 0.24-a0-653-g3936067ed8 (webtiles) character file.

Game seed: 764421085649543221, levelgen mode: deterministic

56605 rodlZA the Protected (level 14, -2/130 HPs)
             Began as a Minotaur Berserker on Sept 26, 2019.
             Was the Champion of Trog.
             Killed by divine providence
             ... invoked by Saint Roka
              (14 damage)
             ... on level 2 of the Orcish Mines on Sept 27, 2019.
             The game lasted 01:04:29 (17316 turns).

rodlZA the Protected (Minotaur Berserker)          Turns: 17316, Time: 01:04:29

Health: -2/130     AC: 26    Str: 37    XL:     14   Next: 42%
Magic:  13/13      EV: 16    Int:  4    God:    Trog [******]
Gold:   1405       SH:  0    Dex: 13    Spells: 13/13 levels left

rFire    + + .     SeeInvis +   E - +12 battleaxe of the Moon {drain, +Rage rF+ rN+ Int-4}
rCold    . . .     Gourm    .   (shield currently unavailable)
rNeg     + . .     Faith    .   J - +7 chain mail of the Iron Devil {Str+3}
rPois    .         Spirit   .   b - +1 hat {SInv}
rElec    .         Reflect  .   p - +1 cloak
rCorr    .         Harm     .   K - +1 pair of gloves
MR       +....                  (no boots)
Stlth    ..........             (no amulet)
HPRegen  0.31/turn              o - +2 ring of dexterity
MPRegen  0.13/turn              z - ring "Musiv" {rF+ Str+3 Int+4}

@: mighty, berserk cooldown, slowed, very slow
A: retaliatory headbutt, horns 2
a: Berserk, Trog's Hand, Brothers in Arms, Renounce Religion, Evoke Berserk Rage


You were on level 2 of the Orcish Mines.
You worshipped Trog.
Trog was exalted by your worship.
You were near starving.

You visited 4 branches of the dungeon, and saw 20 of its levels.
You also visited: Sewer.

You collected 1681 gold pieces.
You spent 276 gold pieces at shops.

Inventory:

Hand Weapons
 g - a +2 battleaxe of chopping
   (Trog gifted it to you on level 3 of the Lair of Beasts)
 r - a +4 broad axe of draining
   (Trog gifted it to you on level 8 of the Dungeon)
 E - the +12 battleaxe of the Moon (weapon) {drain, +Rage rF+ rN+ Int-4}
   (You bought it in a shop on level 10 of the Dungeon)

   A truly terrible weapon, it drains the life of those it strikes.
   It affects your intelligence (-4).
   It protects you from fire.
   It protects you from negative energy.
   It lets you go berserk.
 L - the +6 scimitar of Honour {antimagic, rF+, unknown}
   (You found it on level 1 of the Lair of Beasts)

   It reduces the magical energy of the wielder, and disrupts the spells and
   magical abilities of those hit.
   Natural abilities and divine invocations are not affected.
   It protects you from fire.
Missiles
 e - 316 stones
 y - 24 boomerangs (quivered)
Armour
 a - a +2 shield
   (You found it on level 3 of the Dungeon)
 b - a +1 hat of see invisible (worn)
   (You took it off Gastronok on level 9 of the Dungeon)
 l - a scarf of repulsion
   (You found it on level 10 of the Dungeon)
 p - a +1 cloak (worn)
   (You found it on level 2 of the Dungeon)
 D - a +4 ring mail of cold resistance
   (You took it off Duvessa on level 6 of the Dungeon)
 J - the +7 chain mail of the Iron Devil (worn) {Str+3}
   (You found it on level 8 of the Dungeon)

   It affects your strength (+3).
 K - a +1 pair of gloves (worn)
   (You found it on level 9 of the Dungeon)
 N - +0 swamp dragon scales
   (You found it on level 1 of the Swamp)
 U - a scarf of spirit shield
   (You found it on level 3 of the Lair of Beasts)
 Z - +0 ice dragon scales
   (You found it on level 6 of the Lair of Beasts)
Jewellery
 o - a +2 ring of dexterity (left hand)
   (You found it on level 2 of the Dungeon)
 z - the ring "Musiv" (right hand) {rF+ Str+3 Int+4}
   (You found it on level 4 of the Dungeon)

   [ring of intelligence]

   It affects your strength (+3).
   It affects your intelligence (+4).
   It protects you from fire.
Wands
 c - a wand of disintegration (12)
   (You found it on level 7 of the Dungeon)
 d - a wand of iceblast (10)
   (You found it on level 2 of the Lair of Beasts)
 t - a wand of flame (13)
   (You found it on level 3 of the Lair of Beasts)
 u - a wand of paralysis (18)
   (You found it on level 3 of the Lair of Beasts)
 v - a wand of digging (4)
   (You found it on level 8 of the Dungeon)
 x - a wand of acid (18)
   (You found it on level 5 of the Dungeon)
 Q - a wand of enslavement (16)
   (You found it on level 1 of the Lair of Beasts)
 T - a wand of clouds (7)
   (You found it on level 3 of the Dungeon)
 V - a wand of scattershot (5)
   (You found it on level 4 of the Lair of Beasts)
 X - a wand of polymorph (10)
   (You found it on level 4 of the Lair of Beasts)
Scrolls
 i - 6 scrolls of teleportation {@r4}
 j - 3 scrolls of enchant armour {unknown}
 q - a scroll of identify {@r1}
 B - a scroll of immolation {unknown}
 I - 2 scrolls of blinking
 M - a scroll of magic mapping {unknown}
 O - 2 scrolls of fog
 R - 9 scrolls of remove curse {@r2}
 S - a scroll of brand weapon {unknown}
 W - a scroll of torment {unknown}
Potions
 f - 3 potions of invisibility {unknown}
 h - 8 potions of curing {@q1}
 k - 6 potions of flight
 m - 2 potions of resistance
 n - 3 potions of might
 s - a potion of ambrosia {unknown}
 w - 5 potions of lignification {!q}
 A - 3 potions of mutation {!q}
 C - 3 potions of haste {@q3}
 G - 3 potions of cancellation
 H - a potion of magic {unknown}
 P - 2 potions of agility {unknown}
Comestibles
 F - 23 rations {!d}
 Y - 5 chunks of flesh


   Skills:
 + Level 13.8 Fighting
 + Level 13.8(14.0) Axes
   Level 3.0(9.7) Maces & Flails
 + Level 14.4 Armour
 + Level 11.0 Dodging
 - Level 13.7 Shields


You had 13 spell levels left.
You didn't know any spells.
Your spell library was empty.

Dungeon Overview and Level Annotations

Branches:
Dungeon (11/15)            Temple (0/1) D:5            Lair (6/6) D:10
  Swamp (1/4) Lair:2        Snake (0/4) Lair:4        Slime (0/5) Lair:6
    Orc (2/2) D:11          Sewer (visited)
    Elf: Orc:2

Altars:
Cheibriados
Elyvilon
Fedhas
Gozag
Kikubaaqudgha
Qazlal
Ru
Trog
Vehumet
Yredelemnul
Zin
Beogh

Shops:
D:5 [   D:10 (

Annotations:
D:6 1 runed translucent door, Crazy Yiuf
Lair:2 3 runed translucent doors, exclusion: 3 doors, opiumtea's ghost, novice MfSu
Lair:4 1 runed translucent door, exclusion: 3 oklob plants, Cupa's ghost, journeyman TeAE
Lair:6 exclusion: 3 oklob plants
Orc:2 Blork the orc; Nergalle; Saint Roka


Innate Abilities, Weirdness & Mutations

You reflexively headbutt those who attack you in melee.
You have a pair of horns on your head.


Message History

Saint Roka roars a battlecry!
The orc wizard goes into a battle-frenzy!
You hear a shout!
You barely miss Blork the orc.
Nergalle gestures at the orc warrior while chanting.
The orc warrior seems to speed up.
Saint Roka roars a battlecry!
The spectral orc closely misses you. You furiously retaliate!
You headbutt the spectral orc, but do no damage.
The spectral orc hits you but does no damage.
You slash the orc wizard! You drain the orc wizard. You hit Blork the orc.
You slash the spectral orc!
You destroy the spectral orc!
You completely miss the spectral orc.
The spectral orc hits you but does no damage.
Saint Roka invokes the aid of Beogh against you.
Beogh smites you!
* * * LOW HITPOINT WARNING * * *
You feel very mighty all of a sudden.
The spectral orc hits you but does no damage.
The orc warrior completely misses you.
The orc warrior hits you with a +0 battleaxe!
* * * LOW HITPOINT WARNING * * *
The spectral orc closely misses you. You furiously retaliate!
You headbutt the spectral orc.
Blork the orc no longer looks unusually strong.
Saint Roka roars a battlecry!
Blork the orc goes into a battle-frenzy!
The orc wizard gestures wildly while chanting.
The orc wizard blinks!
The orc warrior completely misses you. You furiously retaliate!
You headbutt the orc warrior.
Nergalle no longer looks unusually strong.
The orc warrior no longer looks unusually strong.
Saint Roka roars a battlecry!
The orcs go into a battle-frenzy!
The spectral orc barely misses you. You furiously retaliate!
You headbutt the spectral orc!
You destroy the spectral orc!
Nergalle misses you. You furiously retaliate!
You headbutt Nergalle! The orc warrior barely misses you.
You furiously retaliate!
You headbutt the orc warrior!!
You kill the orc warrior!
Trog accepts your kill.
Things that are here:
a +0 dire flail; a +0 plate armour You are near starving!
Nergalle completely misses you. You furiously retaliate!
You headbutt Nergalle.
Saint Roka calls down the wrath of Beogh upon you.
Beogh smites you!
You die...

.........# ........ #.....#
#.....# ...... ###8...8#
......#.. ##.#.)...#
.........####..#o))..#..#
................#oo))......
......$...#.....@#(........
...........#.....)#........
............)...)..........
...........)....)..........
..........)).....#.........
.....)...))#.).............
........รท.)##.#...........#
.....)...........#.##.#..#
...........##...#### ....


You could see Saint Roka, Nergalle and Blork the orc.

Vanquished Creatures
  Gastronok (D:9)
  Snorg (D:9)
  6 hydras
  An ice dragon (Lair:6)
  A catoblepas (Lair:6)
  3 two-headed ogres
  An alligator (Swamp:1)
  6 death yaks (Lair:6)
  Urug (Orc:2)
  An orc high priest (Orc:2)
  An unseen horror (D:10)
  A swamp dragon (Swamp:1)
  A lindwurm (Lair:6)
  2 orc knights (Orc:2)
  2 elephants
  5 black mambas
  6 torpor snails (Lair:6)
  A centaur zombie (D:10)
  7 spiny frogs
  5 komodo dragons
  7 hornets (Lair:6)
  Grinder (D:4)
  16 blink frogs
  5 tyrant leeches
  7 dream sheep
  17 hippogriffs
  3 bog bodies
  Eustachio (D:6)
  A wyvern (D:9)
  2 basilisks
  58 yaks
  3 wargs (Orc:2)
  2 nagas (Lair:4)
  Duvessa (D:6)
  9 water moccasins
  7 porcupines
  5 ice beasts
  2 black bears
  17 orc warriors
  13 ogres
  A sky beast (D:9)
  A phantom (D:8)
  6 centaurs
  12 crocodiles
  9 wolves (Lair:2)
  7 big kobolds
  14 bullfrogs
  A wyvern skeleton (D:9)
  Dowan (D:6)
  3 killer bees (D:9)
  3 scorpions
  3 wights (D:9)
  4 electric eels (Lair:3)
  5 howler monkeys
  10 crimson imps
  4 jellies
  2 bullfrog zombies
  9 orc priests
  2 bullfrog skeletons (D:9)
  8 hounds
  A quasit (D:6)
  An iron imp (D:6)
  17 orc wizards
  Jessica (D:2)
  Natasha (thrice) (D:3)
  9 iguanas
  Terence (D:2)
  9 worker ants
  2 hound skeletons
  3 worker ant zombies
  9 adders
  A river rat (D:5)
  2 oozes
  An adder skeleton (D:6)
  An adder zombie (D:5)
  A dart slug (D:3)
  A worm (D:4)
  4 leopard geckos
  74 orcs
  A ball python (D:5)
  12 giant cockroaches
  5 goblins
  6 hobgoblins
  11 jackals (D:1)
  4 quokkas
  10 bats
  4 frilled lizards
  A giant cockroach zombie (D:5)
  2 gnoll zombies (D:2)
  A jackal skeleton (D:4)
  29 kobolds
  3 leopard gecko skeletons
  A quokka skeleton (D:6)
  8 rats
  A bush (Lair:6)
  3 fungi
  2 plants
580 creatures vanquished.

Vanquished Creatures (others)
  An orc wizard (Orc:2)
  2 orcs (Orc:2)
  2 fungi
  21 plants
26 creatures vanquished.

Grand Total: 606 creatures vanquished

Notes
Turn   | Place    | Note
-------+----------+-------------------------------------------
     0 | D:1      | rodlZA the Minotaur Berserker began the quest for the Orb.
     0 | D:1      | Reached XP level 1. HP: 19/19 MP: 0/0
   112 | D:1      | HP: 4/19 [jackal (2)]
   124 | D:1      | HP: 4/19 [giant cockroach (1)]
   125 | D:1      | Reached XP level 2. HP: 6/26 MP: 1/1
   389 | D:1      | Reached skill level 3 in Armour
   670 | D:1      | Reached XP level 3. HP: 31/31 MP: 2/2
   677 | D:1      | Reached ** piety under Trog
   813 | D:2      | Reached skill level 4 in Armour
   813 | D:2      | Reached XP level 4. HP: 37/40 MP: 3/3
   848 | D:2      | Noticed Terence
  1042 | D:2      | Killed Terence
  1042 | D:2      | Reached skill level 5 in Axes
  1347 | D:2      | Noticed Jessica
  1365 | D:2      | Killed Jessica
  1365 | D:2      | Reached XP level 5. HP: 36/46 MP: 4/4
  1371 | D:2      | Found a basalt altar of Yredelemnul.
  1445 | D:3      | Noticed Natasha
  1449 | D:3      | Killed Natasha
  1449 | D:3      | Reached skill level 5 in Armour
  1485 | D:3      | Noticed Natasha
  1493 | D:3      | Killed Natasha
  1524 | D:3      | Found a stormy altar of Qazlal.
  1558 | D:3      | Reached *** piety under Trog
  1664 | D:3      | Noticed Natasha
  1670 | D:3      | Killed Natasha
  1670 | D:3      | Reached skill level 1 in Maces & Flails
  1755 | D:3      | Noticed an orc warrior
  1762 | D:3      | Killed an orc warrior
  1762 | D:3      | Reached XP level 6. HP: 44/55 MP: 5/5
  1763 | D:3      | Reached skill level 5 in Fighting
  2025 | D:4      | Reached skill level 1 in Shields
  2138 | D:4      | Reached skill level 6 in Armour
  2287 | D:4      | Got a fine lead ring
  2288 | D:4      | Identified the ring "Musiv" {rF+ Str+3 Int+4} (You found it
                  | on level 4 of the Dungeon)
  2309 | D:4      | Noticed Grinder
  2313 | D:4      | Killed Grinder
  2313 | D:4      | Reached XP level 7. HP: 53/61 MP: 6/6
  2442 | D:4      | Reached skill level 5 in Shields
  2673 | D:4      | Reached skill level 7 in Armour
  2772 | D:4      | Found an opulent altar of Gozag.
  2996 | D:5      | Entered Level 5 of the Dungeon
  3001 | D:5      | Found a staircase to the Ecumenical Temple.
  3052 | D:5      | Reached XP level 8. HP: 58/68 MP: 7/7
  3139 | D:5      | Reached **** piety under Trog
  3148 | D:5      | Found a glowing drain.
  3152 | Sewer    | Entered a sewer
  3407 | D:5      | Found Cuwnig's Antique Armour Boutique.
  3871 | D:6      | Noticed Eustachio
  3926 | D:6      | Killed Eustachio
  3948 | D:6      | Reached skill level 8 in Armour
  4301 | D:6      | Reached XP level 9. HP: 69/78 MP: 8/8
  4361 | D:6      | Noticed Dowan
  4361 | D:6      | Noticed Duvessa
  4384 | D:6      | Killed Dowan
  4411 | D:6      | Killed Duvessa
  4554 | D:6      | Reached ***** piety under Trog
  4966 | D:6      | Found a snail-covered altar of Cheibriados.
  5251 | D:6      | Found a runed translucent door.
  5252 | D:6      | Noticed Crazy Yiuf
  5433 | D:7      | Found an ancient bone altar of Kikubaaqudgha.
  5433 | D:7      | Found a blossoming altar of Fedhas.
  5535 | D:7      | Reached skill level 9 in Armour
  5641 | D:7      | Found a radiant altar of Vehumet.
  5649 | D:7      | Received a gift from Trog
  5745 | D:7      | Reached skill level 10 in Shields
  5979 | D:7      | Reached XP level 10. HP: 72/88 MP: 9/9
  6035 | D:7      | Found a glowing silver altar of Zin.
  6533 | D:8      | Got a faintly glowing chain mail
  6735 | D:8      | Found a roughly hewn altar of Beogh.
  6742 | D:8      | Received a gift from Trog
  7069 | D:8      | Identified the +7 chain mail of the Iron Devil {Str+3} (You
                  | found it on level 8 of the Dungeon)
  7123 | D:9      | Noticed Gastronok
  7139 | D:9      | Killed Gastronok
  7139 | D:9      | Reached skill level 10 in Armour
  7176 | D:9      | Reached XP level 11. HP: 79/97 MP: 10/10
  7337 | D:9      | Found a sacrificial altar of Ru.
  7508 | D:9      | Found a white marble altar of Elyvilon.
  7938 | D:9      | Received a gift from Trog
  7938 | D:9      | Reached skill level 10 in Axes
  7946 | D:9      | Reached skill level 11 in Armour
  7949 | D:9      | Reached skill level 10 in Fighting
  7976 | D:9      | Noticed a two-headed hydra
  7984 | D:9      | Killed a seven-headed hydra
  8151 | D:10     | Entered Level 10 of the Dungeon
  8151 | D:10     | Noticed Snorg
  8151 | D:10     | Noticed an unseen horror
  8161 | D:9      | Killed Snorg
  8216 | D:10     | Killed an unseen horror
  8354 | D:10     | Found an ancient bone altar of Kikubaaqudgha.
  8373 | D:10     | Found Bonev's Antique Weapon Boutique.
  8381 | D:10     | Bought a dazzling battleaxe for 276 gold pieces
  8381 | D:10     | Identified the +12 battleaxe of the Moon {drain, +Rage rF+
                  | rN+ Int-4} (You bought it in a shop on level 10 of the
                  | Dungeon)
  8478 | D:10     | Noticed a two-headed ogre
  8484 | D:10     | Killed a two-headed ogre
  8484 | D:10     | Reached XP level 12. HP: 96/108 MP: 11/11
  8536 | D:10     | Noticed a two-headed ogre
  8543 | D:10     | Killed a two-headed ogre
  8954 | D:10     | Found a staircase to the Lair.
  9089 | Lair:1   | Entered Level 1 of the Lair of Beasts
  9123 | Lair:1   | Noticed an eight-headed hydra
  9416 | Lair:1   | Killed a 16-headed hydra
  9957 | Lair:1   | Got a faintly glowing scimitar
 10036 | Lair:1   | Reached skill level 5 in Dodging
 10113 | Lair:1   | Reached skill level 12 in Armour
 10572 | Lair:1   | Upgraded the game from 0.24-a0-652-g46ecf6da75 to
                  | 0.24-a0-653-g3936067ed8
 10667 | Lair:2   | Found a staircase to the Swamp.
 10864 | Lair:2   | Found a runed translucent gate.
 10865 | Lair:2   | Found a runed translucent gate.
 10866 | Lair:2   | Found a runed translucent gate.
 10869 | Lair:2   | Noticed opiumtea's ghost (novice MfSu)
 10886 | Lair:2   | Noticed a minotaur
 12000 | Lair:3   | Reached XP level 13. HP: 92/117 MP: 12/12
 12008 | Lair:3   | Received a gift from Trog
 13037 | Lair:4   | Found a staircase to the Snake Pit.
 13265 | Lair:4   | Found a runed translucent door.
 13269 | Lair:4   | Identified the cursed +1 spear of Slime {drain, MR++ Str+2
                  | Int-5 SInv}
 13270 | Lair:4   | Noticed Cupa's ghost (journeyman TeAE)
 13734 | Lair:5   | Reached skill level 13 in Armour
 14286 | Lair:6   | Entered Level 6 of the Lair of Beasts
 14286 | Lair:6   | Found a staircase to the Slime Pits.
 14730 | Lair:6   | Reached skill level 10 in Dodging
 14919 | Lair:6   | Received a gift from Trog
 14926 | Lair:6   | Found a bloodstained altar of Trog.
 15325 | Lair:6   | Reached ****** piety under Trog
 15325 | Lair:6   | Reached XP level 14. HP: 70/129 MP: 13/13
 15588 | Lair:6   | Reached skill level 14 in Armour
 15630 | Lair:6   | Found a runed translucent door.
 16069 | Swamp:1  | Entered Level 1 of the Swamp
 16551 | D:11     | Identified Iluu's Grimoire of the Compass
 16584 | D:11     | Found a staircase to the Orcish Mines.
 16637 | Orc:1    | Entered Level 1 of the Orcish Mines
 16883 | Orc:1    | Found a bloodstained altar of Trog.
 17067 | Orc:2    | Entered Level 2 of the Orcish Mines
 17083 | Orc:2    | Noticed Urug
 17093 | Orc:2    | Killed Urug
 17294 | Orc:2    | Noticed Saint Roka
 17302 | Orc:2    | Noticed Blork the orc
 17307 | Orc:2    | Noticed Nergalle
 17316 | Orc:2    | Killed from afar by Saint Roka

Levels and vault maps discovered:
D:1:      lightli_arrival_noodles, layout_rooms, kennysheep_doodads
D:2:      layout_rooms, lemuel_zombie_altar_yredelemnul, uniq_terence,
          uniq_jessica
D:3:      layout_loops_ring, lemuel_doored_altar, uniq_natasha
D:4:      layout_basic, marbit_many_paths, minmay_diced_spiral, uniq_grinder
D:5:      minmay_opposing_rooms, layout_basic,
          minmay_temple_entry_enclosed_plants, gup_sewer_entry_bowl,
          serial_shops, nicolae_shop_waterfront, first_ration,
          minmay_misc_feat_secret_circle
D:6:      kennysheep_kobold_camp, layout_basic, slow_altar_2,
          lightli_ossuary_entry_decrepit_ruins, uniq_crazy_yiuf_cottage,
          uniq_eustachio, uniq_duvessa
D:7:      layout_loops_ring, grunt_temple_overflow_growth_and_decay,
          zin_academy, vehumet_crystals
D:8:      layout_cave_pools, special_room [special_room_orc]
D:9:      minmay_recursive_quarters, layout_cave_pools, lemuel_crystal_altar,
          hangedman_ranch [blue_anna_fruit_fields],
          nicolae_ru_great_annihilating_truth, uniq_gastronok
D:10:     layout_small_grid, david_lair_generic, serial_shops, shop,
          basic_altar, uniq_snorg
D:11:     kennysheep_blocky_hall, layout_layer_cave, grunt_ministairs_1,
          fungi_pond_lemuel, uniq_harold, uniq_fannar
Lair:1:   layout_small_grid, serial_bayou_shore_a
Lair:2:   layout_chaotic_city, skrybe_swamp_entry_bodies,
          maelrawn_ghost_gauntlet_escape, lemuel_fruit_fields,
          infiniplex_staircase_pool_2
Lair:3:   layout_chaotic_city, serial_bayou, serial_bayou_ford_a,
          serial_bayou_pond_d, serial_bayou_pond_b, serial_bayou_lagoon_a,
          lemuel_fruit_fields
Lair:4:   layout_misc_corridors, minmay_snake_entry_guardpost_small,
          ebering_ghost_funeral_grove, grunt_megastairs_4,
          minmay_lair_oklob_chamber
Lair:5:   layout_gridlike, grunt_megastairs_5
Lair:6:   wormcave, layout_gridlike, minmay_slime_entry_oklob_open, basic_altar,
          grunt_megastairs_3, lemuel_fruit_fields
Swamp:1:  layout_basic_swamp, evilmike_swamp_ruin_house_1
Orc:1:    layout_diamond_mine, minmay_shop_enchanted_jewellery,
          trog_butcher_becter
Orc:2:    grunt_orc_cross, layout_caves, serial_shops, shop, uniq_azrael,
          uniq_urug

Skill      XL: |  1  2  3  4  5  6  7  8  9 10 11 12 13 14 |
---------------+-------------------------------------------+-----
Axes           | 4 5 6 8 9 10 11 13 | 13.8
Armour         | 3 4 5 6 7 8 9 10 11 12 13 14 | 14.4
Fighting       | 4 5 6 8 9 10 11 13 | 13.8
Maces & Flails | 2 3 |  3.0
Shields        | 4 5 8 10 12 13 | 13.7
Dodging        | 7 10 11 | 11.0

Action                   |  1- 3 |  4- 6 |  7- 9 | 10-12 | 13-15 || total
-------------------------+-------+-------+-------+-------+-------++-------
Melee: Hand axe          |    50 |    81 |       |       |       ||   131
       Headbutt          |     8 |    30 |    84 |   116 |    88 ||   326
       Flail             |       |    14 |       |       |       ||    14
       War axe           |       |    28 |   388 |    93 |       ||   509
       Broad axe         |       |       |       |   168 |       ||   168
       Battleaxe         |       |       |       |   155 |   301 ||   456
Invok: Berserk           |       |       |       |     3 |     1 ||     4
  Use: Scroll            |       |    12 |     1 |     7 |     2 ||    22
       Potion            |       |       |     2 |     5 |     4 ||    11
  Eat: Chunk             |       |     3 |    11 |    18 |    10 ||    42
       Ration            |       |     1 |       |     1 |     2 ||     4
Armor: Animal skin       |     9 |       |       |       |       ||     9
       Ring mail         |     9 |     4 |    47 |    30 |       ||    90
       Scale mail        |       |    42 |    76 |       |       ||   118
       Chain mail        |       |       |       |   285 |   289 ||   574
Dodge: Dodged            |    34 |    44 |   120 |   233 |   236 ||   667
Block: Shield            |       |    11 |   286 |   261 |       ||   558

Table legend:
 A = Non-vault XP
 B = Vault XP
 C = Vault XP percentage of total XP
 D = Non-vault monster count
 E = Vault monster count
 F = Vault count percentage of total count
                 A         B        C        D         E       F
            +---------+---------+-------+---------+---------+-------
      Total |   56321 |   24544 |  30.4 |     421 |     153 |  26.7
            +---------+---------+-------+---------+---------+-------
        D:1 |      53 |       0 |   0.0 |      27 |       0 |   0.0
        D:2 |      91 |      71 |  43.8 |      15 |       4 |  21.1
        D:3 |     292 |      36 |  11.0 |      23 |       1 |   4.2
        D:4 |     383 |     427 |  52.7 |      20 |       6 |  23.1
        D:5 |     413 |     105 |  20.3 |      21 |       9 |  30.0
        D:6 |    1455 |     613 |  29.6 |      24 |      25 |  51.0
        D:7 |    1825 |       0 |   0.0 |      38 |       0 |   0.0
        D:8 |    1331 |     498 |  27.2 |      20 |      24 |  54.5
        D:9 |    5328 |    6111 |  53.4 |      52 |      21 |  28.8
       D:10 |    3843 |     752 |  16.4 |      17 |       3 |  15.0
     Lair:1 |    5611 |       0 |   0.0 |      24 |       0 |   0.0
     Lair:2 |    6761 |     527 |   7.2 |      37 |       2 |   5.1
     Lair:3 |    3356 |     151 |   4.3 |      18 |       1 |   5.3
     Lair:4 |    2450 |    1379 |  36.0 |      10 |       5 |  33.3
     Lair:5 |    4363 |    1410 |  24.4 |      18 |       2 |  10.0
     Lair:6 |   12797 |    9081 |  41.5 |      34 |      22 |  39.3
    Swamp:1 |    3364 |       0 |   0.0 |       7 |       0 |   0.0
      Orc:1 |    1168 |     236 |  16.8 |       3 |       4 |  57.1
      Orc:2 |    1437 |    3034 |  67.9 |      13 |      18 |  58.1
      Sewer |       0 |     113 | 100.0 |       0 |       6 | 100.0
            +---------+---------+-------+---------+---------+-------
